 Dungeon Crawl Stone Soup version 0.29-a0-330-g52719c12eb (webtiles) character file.

Game seed: 7034593555024459325

737 kae the Changer (level 7, -1/67 HPs)
             Began as a Demigod Transmuter on Apr 21, 2022.
             Slain by an orc
             ... wielding a +0 short sword
              (4 damage)
             ... on level 4 of the Dungeon.
             The game lasted 00:05:07 (5778 turns).

kae the Changer (Demigod Transmuter)                Turns: 5778, Time: 00:05:08

Health: -1/67      AC:  6    Str: 15    XL:     7   Next: 21%
Magic:  4/14       EV: 10    Int: 19    God:
Gold:   168        SH:  0    Dex: 14    Spells: 4/12 levels left

rFire   x . .      SeeInvis .     - Unarmed
rCold   + + +      Faith    .   (shield currently unavailable)
rNeg    . . .      Spirit   .   (body armour currently unavailable)
rPois   +          Reflect  .   (helmet currently unavailable)
rElec   .          Harm     .   (cloak currently unavailable)
rCorr   .          Rampage  .   (gloves currently unavailable)
Will    .....                   (boots currently unavailable)
Stlth   +.........              (no amulet)
HPRegen 0.21/turn               (no ring)
MPRegen 0.14/turn               (no ring)

@: ice-form, very slightly contaminated
A: freezing attack, amphibious, boosted hp, large, high MP 1, forlorn, divine
attributes
a: End Transformation


You were on level 4 of the Dungeon.
You were a creature of crystalline ice.
You visited 1 branch of the dungeon, and saw 4 of its levels.

You collected 168 gold pieces.

Inventory:

Armour
 a - a +0 robe (melded)
 d - a +1 pair of gloves (melded)
Wands
 l - a wand of flame (14)
Scrolls
 c - 6 scrolls of identify
 e - a scroll of fog
 g - 2 scrolls of amnesia
 i - a scroll of enchant armour
 n - a scroll of summoning {unknown}
Potions
 b - a potion of lignification
 f - a potion of might
 h - a potion of berserk rage
 j - a potion of heal wounds
 k - a potion of cancellation
 o - 2 potions of curing {unknown}


   Skills:
 + Level 2.9 Fighting
 - Level 1.7 Dodging
 + Level 4.0 Unarmed Combat
 + Level 3.2 Spellcasting
 * Level 4.4 Transmutations
 * Level 2.5 Ice Magic
 - Level 2.0 Poison Magic


You had 4 spell levels left.
You knew the following spells:

 Your Spells              Type           Power      Damage    Failure   Level
a - Beastly Appendage     Tmut           38%        N/A       2%          1
b - Spider Form           Tmut/Pois      15%        N/A       12%         3
c - Ice Form              Ice/Tmut       16%        N/A       34%         4

Your spell library contained the following spells:

 Spells                   Type           Power      Damage    Failure   Level
 Wereblood                Tmut           19%        N/A       3%          2
 Sting                    Tmut/Pois      60%        1d6       4%          1
 Poisonous Vapours        Pois/Air       12%        N/A       16%         2
 Frozen Ramparts          Ice            24%        1d4       16%         3
 Static Discharge         Conj/Air       3%         N/A       22%         2
 Gell's Gravitas          Tloc           3%         N/A       41%         3
 Lesser Beckoning         Tloc           3%         N/A       41%         3
 Teleport Other           Tloc           3%         N/A       41%         3
 Olgreb's Toxic Radiance  Pois           10%        N/A       54%         4
 Summon Ice Beast         Ice/Summ       7%         N/A       65%         4
 Lightning Bolt           Conj/Air       1%         1d12      99%         5
 Malign Gateway           Summ/Tloc      1%         N/A       100%        7
 Maxwell's Capacitive Co  Air            1%         ∞         100%        8
 Summon Horrible Things   Summ           1%         N/A       100%        8


Dungeon Overview and Level Annotations

Branches:
Dungeon (4/15)
 Temple: D:4-7

Shops:
D:2 [


Innate Abilities, Weirdness & Mutations

You are a creature of crystalline ice.
You have a powerful freezing melee attack.
You are amphibious.
Your maximum health is increased.
Your armour is entirely melded.
You are incapable of wielding weapons or throwing items.
You have an increased reservoir of magic. (+10% MP)
You shall have no god before yourself.
Your divine heritage dramatically boosts your attributes as you level up.


Message History

Your +0 robe melds into your body.
Something hits you.
You closely miss something. Something hits you but does no damage.
You barely miss something.
An orc wizard appears from thin air!
Reactivating autopickup.
The orc wizard closely misses you.
You barely miss the orc wizard.
The orc wizard hits you but does no damage.
You hit the orc wizard but do no damage.
The orc wizard closely misses you.
You punch the orc wizard! You freeze the orc wizard.
The orc wizard is severely wounded.
The orc wizard hits you but does no damage.
You hit the orc wizard. You freeze the orc wizard.
You kill the orc wizard!
Your Unarmed Combat skill increases to level 4!
The orc hits you with a +0 short sword. The orc hits you but does no damage.
Things that are here:
a +0 dagger; a +0 robe You barely miss the orc.
The orc barely misses you. The orc hits you with a +0 short sword.
You punch the orc! You freeze the orc.
You kill the orc!
The orc priest looks encouraged for a moment.
The orc priest calls down the wrath of Beogh upon you.
Beogh smites you!
* * * LOW HITPOINT WARNING * * *
The orc hits you with a +0 short sword.
* * * LOW HITPOINT WARNING * * *
Things that are here:
a +2 vorpal flail; a +0 leather armour; an orc corpse You completely miss the orc priest.
The orc priest closely misses you. The orc hits you with a +0 short sword.
* * * LOW HITPOINT WARNING * * *
You hit the orc priest. You freeze the orc priest.
The orc priest is lightly wounded.
The orc priest mumbles some strange prayers to Beogh against you.
Pain shoots through your body!
* * * LOW HITPOINT WARNING * * *
The orc hits you with a +0 short sword.
You die...

#.#.....##.....#.#####.####
########.......# #.#
#^...#..# #.# #....#..# #.#
#....##.#####.###
#....##.#.......#
#######.#.###.#.# #o).....#
#.#.# #Y####).# #.#.#
#o####..###.#.#
#oo.#...[...#.#
###.#.#.##).#.#
#)#.#..)..#.# #.#.#.....#.#
...o..o{#.#...#.#.#
..o..o.o#.##))).#.#
........#...)÷..#.####


You could see an orc priest and 3 orcs.

Vanquished Creatures
  2 ogres
  A phantom (D:4)
  A hound (D:2)
  4 orc priests
  Ijyb (D:3)
  Terence (D:2)
  4 orc wizards
  Robin (D:3)
  A gnoll (D:1)
  7 adders
  A worm (D:4)
  2 dart slugs (D:1)
  13 orcs
  8 endoplasms
  4 giant cockroaches (D:3)
  15 goblins
  12 hobgoblins
  3 jackals (D:2)
  5 quokkas
  5 ball pythons
  8 bats
  2 frilled lizards
  4 kobolds
  6 rats
111 creatures vanquished.

Notes
Turn   | Place    | Note
-------+----------+-------------------------------------------
     0 | D:1      | kae the Demigod Transmuter began the quest for the Orb.
     0 | D:1      | Reached XP level 1. HP: 15/15 MP: 5/5
    53 | D:1      | Reached skill level 1 in Fighting
   509 | D:1      | Reached XP level 2. HP: 23/23 MP: 7/7
   876 | D:1      | Reached XP level 3. HP: 28/28 MP: 6/8
   880 | D:1      | Learned a level 3 spell: Spider Form
  1066 | D:2      | Noticed Terence
  1082 | D:2      | Killed Terence
  1391 | D:2      | Reached XP level 4. HP: 23/36 MP: 8/10
  1535 | D:2      | Reached skill level 1 in Poison Magic
  1886 | D:2      | Noticed an ogre
  1898 | D:2      | Killed an ogre
  1899 | D:2      | Reached XP level 5. HP: 32/41 MP: 7/11
  1996 | D:2      | Found Efoyff's Armour Shoppe.
  2636 | D:3      | Learned a level 4 spell: Ice Form
  2641 | D:3      | Noticed Robin
  2673 | D:3      | Killed Robin
  3120 | D:3      | Reached XP level 6. HP: 15/48 MP: 10/13
  3431 | D:3      | Reached skill level 1 in Ice Magic
  4272 | D:3      | Noticed Ijyb
  4294 | D:3      | Killed Ijyb
  5563 | D:4      | Reached XP level 7. HP: 29/56 MP: 9/14
  5778 | D:4      | HP: 3/67 [orc priest/nerve-wracking pain (8)]
  5778 | D:4      | Slain by an orc

Illustrated notes

Levels and vault maps discovered:
D:1:      ebering_hopf_link, layout_loops_ring, serial_bayou_crossing
D:2:      layout_basic, serial_shops, shop, uniq_terence
D:3:      kennysheep_the_goblin_king, layout_loops_corners,
          chequers_temple_overflow_statue_of_worship, serial_glass,
          glass_columns_b, glass_columns_a, minivault_5, uniq_robin
D:4:      layout_basic

Skill      XL: |  1  2  3  4  5  6  7 |
---------------+----------------------+-----
Fighting       | 1 2 |  2.9
Transmutations | 2 3 4 |  4.4
Spellcasting   | 2 3 |  3.2
Unarmed Combat | 3 4 |  4.0
Poison Magic   | 1 2 |  2.0
Ice Magic      | 2 |  2.5
Dodging        | |  1.7

Action                   |  1- 3 |  4- 6 |  7- 9 || total
-------------------------+-------+-------+-------++-------
Melee: Unarmed           |    86 |   237 |    18 ||   341
       Headbutt          |    12 |     8 |       ||    20
       Kick              |    23 |     6 |       ||    29
       Punch             |       |     3 |       ||     3
 Cast: Beastly Appendage |    20 |    15 |       ||    35
       Spider Form       |     1 |    28 |     1 ||    30
       Ice Form          |       |       |     1 ||     1
 Abil: End Transformatio |       |       |     1 ||     1
  Use: Scroll            |     3 |    11 |       ||    14
 Stab: Sleeping          |     1 |     2 |       ||     3
Armor: Robe              |    14 |    19 |       ||    33
       Skin              |       |     6 |     4 ||    10
Dodge: Dodged            |    60 |   169 |    10 ||   239

Table legend: (Time is in decaauts)
 A = Elapsed time spent in this place.
 B = Non-inter-level travel time spent in this place.
 C = Inter-level travel time spent in this place.
 D = Time resting spent in this place.
 E = Time spent auto-exploring this place.
 F = Levels seen in this place.
 G = Mean time per level.
                   A        B        C        D        E       F      G
               +--------+--------+--------+--------+--------+-----+--------+
         Total |   5764 |   5603 |    161 |    520 |   4229 |   4 | 1441.0 |
       Dungeon |   5764 |   5603 |    161 |    520 |   4229 |   4 | 1441.0 |
               +--------+--------+--------+--------+--------+-----+--------+

Top non-repeatable levels by time:
     D:3: 2418 daAuts
     D:2: 1520 daAuts
     D:1: 1053 daAuts
     D:4: 771 daAuts
